 Dungeon Crawl Stone Soup version 0.27.1-34-g3ba077fa99 (webtiles) character file.

Game seed: 17387699347204773231

3 Descartes the Grasshopper (level 1, 0/16 HPs)
             Began as a Formicid Warper on Jan 22, 2022.
             Slain by a bat (1 damage)
             ... on level 1 of the Dungeon.
             The game lasted 00:00:08 (42 turns).

Descartes the Grasshopper (Formicid Warper)           Turns: 42, Time: 00:00:09

Health: 0/16       AC:  3    Str: 15    XL:     1   Next: 55%
Magic:  3/3        EV: 11    Int: 12    God:
Gold:   0          SH:  0    Dex: 10    Spells: 4/4 levels left

rFire    . . .     SeeInvis +   a - +0 mace
rCold    . . .     Faith    .   (no shield)
rNeg     . . .     Spirit   .   b - +0 leather armour
rPois    .         Reflect  .   (helmet unavailable)
rElec    .         Harm     .   (no cloak)
rCorr    .         Rampage  .   (no gloves)
Will     .....                  (no boots)
Stlth    +.........             (no amulet)
HPRegen  0.05/turn              (no ring)
MPRegen  0.08/turn              (no ring)

@: no status effects
A: permanent stasis, dig shafts and tunnels, antennae 3, four strong arms
a: Dig, Shaft Self


You were on level 1 of the Dungeon.
You visited 1 branch of the dungeon, and saw 1 of its levels.

Inventory:

Hand Weapons
 a - a +0 mace (weapon)
Missiles
 c - 5 boomerangs of dispersal (quivered)
Armour
 b - a +0 leather armour (worn)


   Skills:
 - Level 2.1 Fighting
 - Level 2.0 Maces & Flails
 - Level 1.0 Throwing
 + Level 1.4 Armour
 - Level 1.7 Dodging
 - Level 2.1 Spellcasting
 + Level 2.8 Translocations


You had 4 spell levels left.
You didn't know any spells.
Your spell library contained the following spells:

 Spells                   Type           Power      Damage    Failure   Level
 Gell's Gravitas          Tloc           4%         N/A       30%         3
 Lesser Beckoning         Tloc           4%         N/A       30%         3
 Teleport Other           Tloc           8%         N/A       30%         3
 Manifold Assault         Tloc           8%         N/A       96%         5
 Blink                    Tloc           Unusable   N/A       N/A         2

Dungeon Overview and Level Annotations

Branches:
Dungeon (1/15)

Altars:


Innate Abilities, Weirdness & Mutations

You cannot be hasted, slowed, berserked, paralysed or teleported.
You can dig through walls and to a lower floor.
You have a pair of large antennae on your head. (SInv)
Your four strong arms can wield two-handed weapons with a shield.


Message History

You barely miss the kobold. The kobold hits you with a +0 dagger.
You hit the kobold.
You kill the kobold!
Found a fuming dark potion.
Found a stone staircase leading down.
A bat comes into view.
The goblin hits you with a +0 club.
Things that are here:
a +0 dagger; a kobold corpse You closely miss the goblin.
The goblin barely misses you. The hobgoblin closely misses you.
You closely miss the hobgoblin. The goblin hits you but does no damage.
The hobgoblin closely misses you.
You hit the hobgoblin but do no damage. The goblin closely misses you.
The hobgoblin hits you.
You barely miss the hobgoblin. The goblin hits you but does no damage.
The hobgoblin hits you but does no damage.
The goblin hits you with a +0 club. The hobgoblin barely misses you.
You closely miss the hobgoblin. The goblin hits you with a +0 club.
The hobgoblin barely misses you.
You hit the hobgoblin.
You kill the hobgoblin!
The bat barely misses you. The goblin hits you but does no damage.
You closely miss the bat. The bat hits you.
The goblin hits you with a +0 club. x2
* * * LOW HITPOINT WARNING * * *
You are too injured to fight recklessly!
You are too injured to fight recklessly!
You are too injured to fight recklessly!
You are too injured to fight recklessly!
You are too injured to fight recklessly!
You are too injured to fight recklessly!
You are too injured to fight recklessly!
You are too injured to fight recklessly!
You closely miss the hobgoblin. The hobgoblin closely misses you.
The hobgoblin hits you.
* * * LOW HITPOINT WARNING * * *
You closely miss the hobgoblin. The hobgoblin barely misses you.
You hit the hobgoblin.
You kill the hobgoblin!
The bat hits you.
You die...

### #### #####
##.####.≈.
#...###.≈.##.≈.≈
###.♣.P..≈≈≈..≈≈≈≈
#.'.....≈≈≈≈≈≈≈≈≈≈
#.'.≈..≈≈≈≈≈≈≈≈≈≈≈
#.#.≈≈≈≈≈P≈≈≈≈≈≈≈P
#@#...≈..PPP≈≈≈≈P≈
#b#...P.≈.P≈≈≈P≈≈P
#..>.g################
+...... { #...###.
#... .# #.... # #.#.
.!#.


You could see a goblin and a bat.

Vanquished Creatures
  3 hobgoblins (D:1)
  A kobold (D:1)
4 creatures vanquished.

Notes
Turn   | Place    | Note
-------+----------+-------------------------------------------
     0 | D:1      | Descartes the Formicid Warper began the quest for the Orb.
     0 | D:1      | Reached XP level 1. HP: 16/16 MP: 3/3
    42 | D:1      | Slain by a bat

Illustrated notes

Levels and vault maps discovered:
D:1:      lightli_arrival_windingriver, layout_basic,
          chequers_ecumenical_altar_twisty, hangedman_abyss_or_decor_stabs,
          minmay_pentomino_v4

Action                   || total
-------------------------++-------
Melee: Mace              ||    13
Armor: Leather armour    ||     4
Dodge: Dodged            ||     9
